 Dungeon Crawl Stone Soup version 0.23.1 (webtiles) character file.

Game seed: 2841972032665968373

61 Kniotic the Insei (level 3, 0/29 HPs)
             Began as a Demonspawn Monk on Mar 2, 2019.
             Succumbed to an adder's poison
             ... on level 3 of the Dungeon.
             The game lasted 00:01:44 (2009 turns).

Kniotic the Insei (Demonspawn Monk)                 Turns: 2009, Time: 00:01:44

Health: 0/29       AC:  2    Str: 11    XL:     3   Next: 83%
Magic:  3/3        EV: 13    Int: 11    God:
Gold:   125        SH:  0    Dex: 16    Spells: 2/2 levels left

rFire    . . .     SeeInvis .     - Unarmed
rCold    . . .     Gourm    .   (no shield)
rNeg     . . .     Faith    .   a - +0 robe
rPois    .         Spirit   .   (no helmet)
rElec    .         Reflect  .   c - scarf {cloud immunity}
rCorr    .         Harm     .   (no gloves)
MR       .....                  (no boots)
Stlth    ++........             (no amulet)
HPRegen  0.09/turn              (no ring)
MPRegen  0.08/turn              (no ring)

@: lethally poisoned (0 -> -1)
A: demonic guardian 1, sturdy frame 1
a: no special abilities


You were on level 3 of the Dungeon.
You were hungry.

You visited 1 branch of the dungeon, and saw 3 of its levels.

You collected 125 gold pieces.

Inventory:

Armour
 a - a +0 robe (worn)
 c - a scarf of cloud immunity (worn)
Scrolls
 d - a scroll of teleportation {unknown}
 e - 2 scrolls of noise {unknown}
 g - 3 scrolls of fear {unknown}
 h - 2 scrolls of amnesia {unknown}
 i - a scroll of fog {unknown}
 j - 2 scrolls of enchant armour {unknown}
 o - a scroll of enchant weapon {unknown}
 p - a scroll of remove curse {unknown}
 r - 2 scrolls of identify {unknown}
Potions
 f - a potion of agility {unknown}
 k - a potion of cancellation {unknown}
 l - a potion of heal wounds {unknown}
 m - 2 potions of berserk rage {unknown}
 n - a potion of flight {unknown}
Comestibles
 b - 4 rations
 q - a chunk of flesh


   Skills:
 - Level 3.0 Fighting
 - Level 2.6 Dodging
 - Level 1.7 Stealth
 + Level 4.4 Unarmed Combat


You had 2 spell levels left.
You didn't know any spells.
Your spell library was empty.

Dungeon Overview and Level Annotations

Branches:
Dungeon (3/15)

Altars:
Nemelex Xobeh


Innate Abilities, Weirdness & Mutations

A weak demonic guardian rushes to your aid.
Your movements are slightly less encumbered by armour. (ER -2)


Message History

The adder is heavily wounded.
The quokka misses you. The adder completely misses you.
You miss the adder.
The adder is heavily wounded.
You feel sick. The quokka misses you. The adder barely misses you.
You miss the adder.
The adder is heavily wounded.
The quokka bites you but does no damage.
The adder barely misses you.
You closely miss the adder.
The adder is heavily wounded.
The quokka misses you. The adder bites you.
* * * LOW HITPOINT WARNING * * *
The quokka misses you.
You miss the adder.
The adder is heavily wounded.
The adder bites you.
* * * LOW HITPOINT WARNING * * *
The hobgoblin barely misses you. The quokka closely misses you.
You die...

... . ). ..#.
###.# .... ....
###..###.### # #
#....#.....#.#
..##....#...>.#.##
.......?.....(...
#...@#.....#
#..g.#.....#
#..rS###.###...
#...Kw..w.......
#......##...!...
#......# .......
#......##.......
#.......#.......
####.....#######.


You could see a worm, an adder, a quokka, a hobgoblin and a kobold.

Vanquished Creatures
  3 adders (D:2)
  A dart slug (D:2)
  A leopard gecko (D:1)
  2 ball pythons
  4 bats (D:1)
  3 giant cockroaches
  5 goblins
  3 hobgoblins
  2 jackals (D:1)
  3 kobolds
  A frilled lizard (D:1)
  3 rats
31 creatures vanquished.

Notes
Turn   | Place    | Note
-------+----------+-------------------------------------------
     0 | D:1      | Kniotic the Demonspawn Monk began the quest for the Orb.
     0 | D:1      | Reached XP level 1. HP: 18/18 MP: 1/1
    80 | D:1      | Reached skill level 3 in Unarmed Combat
   311 | D:1      | Gained mutation: A weak demonic guardian rushes to your
                  | aid. [demonic ancestry]
   311 | D:1      | Reached XP level 2. HP: 22/24 MP: 2/2
  1118 | D:2      | Gained mutation: Your movements are slightly less
                  | encumbered by armour. (ER -2) [demonic ancestry]
  1118 | D:2      | Reached XP level 3. HP: 15/29 MP: 3/3
  1311 | D:2      | Reached skill level 4 in Unarmed Combat
  1411 | D:2      | Found a sparkling altar of Nemelex Xobeh.
  2008 | D:3      | HP: 1/29 [adder (3)]
  2009 | D:3      | Succumbed to an adder's poison

Skill      XL: |  1  2  3 |
---------------+----------+-----
Unarmed Combat | 3 4 |  4.4
Fighting       | |  3.0
Dodging        | |  2.6
Stealth        | |  1.7

Action                   || total
-------------------------++-------
Melee: Unarmed           ||   145
       Punch             ||     2
  Use: Potion            ||     2
 Stab: Sleeping          ||     9
  Eat: Chunk             ||     3
Armor: Robe              ||    21
Dodge: Dodged            ||    97
